 Dungeon Crawl Stone Soup version 0.31-a0-765-g67fe2935dc (webtiles) character file.

Game seed: 200026424400453329

9 subawu the Changeling (level 2, -6/23 HPs)
             Began as a Meteoran Shapeshifter on Sept 14, 2023.
             Killed by nerve-wracking pain
             ... invoked by Jessica
              (7 damage)
             ... on level 2 of the Dungeon on Sept 15, 2023.
             The game lasted 00:01:22 (210 turns).

subawu the Changeling (Meteoran Shapeshifter)        Turns: 210, Time: 00:01:22

Health: -6/23      AC:  2    Str: 15    XL:     2   Next: 41%
Magic:  3/3        EV: 12    Int: 11    God:
Gold:   20         SH:  0    Dex: 13    Spells: 1/1 levels left

rFire   . .          .
                       - Unarmed
rCold   . . .        (no shield)
rNeg    . . .        a - +0 animal skin
rPois   .            (helmet currently unavailable)
rElec   .            (cloak currently unavailable)
rCorr   .            (gloves currently unavailable)
SInv    .            (boots currently unavailable)
Will    .....        (no amulet)
Stlth   +            (no ring)
HPRegen 0.23/turn    (no ring)
MPRegen 0.08/turn

%: no passive effects
@: beast-form, glowing
A: beast (slay +2), sense surroundings 1, otherworldly, glowing, explore regen
a: Begin Untransformation


You were on level 2 of the Dungeon.
You were a hulking beast.
You visited 1 branch of the dungeon, and saw 2 of its levels.

You collected 20 gold pieces.

Inventory:

Armour
 a - a +0 animal skin (worn)
Magical Staves
 g - a staff of fire
Jewellery
 h - an amulet of reflection
Talismans
 c - a beast talisman (active)
 d - a flux talisman
Scrolls
 e - a scroll of fog {unknown}
Potions
 b - a potion of lignification
 f - a potion of enlightenment {unknown}
 i - a potion of haste {unknown}


   Skills:
 + Level 1.1 Fighting
 + Level 2.3 Dodging
 + Level 3.8 Unarmed Combat
 + Level 4.0 Shapeshifting


You had one spell level left.
You didn't know any spells.
Your spell library was empty.

Dungeon Overview and Level Annotations

Branches:
Dungeon (2/15) Zot: 990

Altars:

Annotations:
D:2 Jessica


Innate Abilities, Weirdness & Mutations

You are a hulking beast.
Your limbs bulge with bestial killing power. (Slay +2)
You passively map a small area around you.
You are easily found by Zot.
You glow in the dark.
You regain HP and MP as you explore.


Message History

You barely miss the goblin. The goblin completely misses you.
You barely miss the goblin. You hit the goblin.
You kill the goblin!
The goblin barely misses you.
A quokka comes into view.
Found a hat and 10 gold pieces.
The goblin hits you with a +0 dagger.
You see here a +0 club.
The giant cockroach bites you. The goblin attacks as it pursues you!
The goblin closely misses you. The giant cockroach closely misses you.
Jessica barely misses you. The giant cockroach bites you.
Jessica gestures wildly while chanting.
Jessica seems to speed up.
You hit the goblin.
You kill the goblin!
Jessica hits you with a +0 club.
The quokka bites you but does no damage.
Your Shapeshifting skill increases to level 4!
You hit the giant cockroach.
The giant cockroach is moderately wounded.
Jessica closely misses you. The quokka closely misses you.
The giant cockroach closely misses you. Jessica misses you.
You hit Jessica.
Jessica is lightly wounded.
The quokka closely misses you. Jessica misses you.
The giant cockroach bites you.
Unknown command.
Jessica hits you with a +0 club. The quokka bites you.
* * * LOW HITPOINT WARNING * * *
The giant cockroach attacks as it pursues you!
The giant cockroach barely misses you. Jessica misses you.
You punch the quokka!
You kill the quokka!
Jessica hits you with a +0 club.
* * * LOW HITPOINT WARNING * * *
The giant cockroach bites you but does no damage.
Jessica points at you and mumbles some strange words.
Pain shoots through your body!
You die...

.........# .§.§. ,,
##.#..##.###..### , ,
#.#..##........) , * ,
##..........#####* * *
......#....## *#####. *,
.......<..########.$....
........................
..............#....<....
,, *
.......#.##.#...h.......
.......#..#.###B@.......
, ,
.......#..#..##)#.......
.......#..........[..##.
###.#..#.###..#)#..##..
###.#..#.# ##...#..#. ..
** .........####.!##...!
*#
.........##..........#
.................#.....


You could see Jessica (fast) and a giant cockroach.

Vanquished Creatures
  4 goblins
  A quokka (D:2)
  A kobold (D:1)
  3 rats (D:1)
9 creatures vanquished.

Notes
Turn   | Place    | Note
-------+----------+-------------------------------------------
     0 | D:1      | subawu the Meteoran Shapeshifter began the quest for the
                  | Orb.
     0 | D:1      | Reached XP level 1. HP: 16/16 MP: 2/2
    86 | D:1      | Upgraded the game from 0.31-a0-750-gfe7b580527 to
                  | 0.31-a0-765-g67fe2935dc
   107 | D:1      | Reached XP level 2. HP: 20/23 MP: 3/3
   196 | D:2      | Noticed Jessica
   206 | D:2      | Reached skill level 4 in Shapeshifting
   209 | D:2      | HP: 1/23 [Jessica/+0 club (5)]
   210 | D:2      | Killed from afar by Jessica

Illustrated notes

Levels and vault maps discovered:
D:1:      lightli_iron_boxes, layout_basic
D:2:      layout_rooms, nicolae_kite_square_tiling_tiny, uniq_jessica

Skill      XL: |  1  2 |
---------------+-------+-----
Shapeshifting  | 4 |  4.0
Fighting       | |  1.1
Dodging        | |  2.3
Unarmed Combat | |  3.8

Action                     || total
---------------------------++-------
  Melee: Unarmed           ||    20
         Punch             ||     1
 Armour: Animal skin       ||    21
  Dodge: Dodged            ||    20

Table legend: (Time is in decaauts)
 A = Elapsed time spent in this place.
 B = Non-inter-level travel time spent in this place.
 C = Inter-level travel time spent in this place.
 D = Time resting spent in this place.
 E = Time spent auto-exploring this place.
 F = Levels seen in this place.
 G = Mean time per level.
                   A        B        C        D        E       F      G
               +--------+--------+--------+--------+--------+-----+--------+
         Total |    208 |    191 |     17 |      0 |     70 |   2 |  104.0 |
       Dungeon |    208 |    191 |     17 |      0 |     70 |   2 |  104.0 |
               +--------+--------+--------+--------+--------+-----+--------+

Top non-repeatable levels by time:
     D:1: 154 daAuts
     D:2: 53 daAuts
